 Dungeon Crawl Stone Soup version 0.29.0-13-gc9e81de378 (webtiles) character file.

Game seed: 4844574252895684634

394 howech the Conjurer (level 6, 0/36 HPs)
             Began as an Octopode Conjurer on Sept 10, 2022.
             Was a High Priest of Ignis.
             Splashed by a jelly's acid (10 damage)
             ... on level 4 of the Dungeon.
             The game lasted 00:16:53 (4455 turns).

howech the Conjurer (Octopode Conjurer)             Turns: 4455, Time: 00:16:54

Health: 0/36       AC: -3    Str:  7    XL:     6   Next: 82%
Magic:  10/10      EV: 10    Int: 22    God:    Ignis [*****.]
Gold:   165        SH:  0    Dex: 10    Spells: 8/11 levels left

rFire   + . .      SeeInvis .   h - +4 rapier (elec)
rCold   . . .      Faith    .   (no shield)
rNeg    . . .      Spirit   .   (helmet restricted)
rPois   .          Reflect  .   l - amulet of magic regeneration
rElec   .          Harm     .   (no ring)
rCorr   .          Rampage  .   (no ring)
Will    .....                   (no ring)
Stlth   +++.......              (no ring)
HPRegen 0.12/turn               (no ring)
MPRegen 0.52/turn               (no ring)
                                (no ring)
                                (no ring)

@: corroded, constricted
A: almost no armour, amphibious, 8 rings, camouflage 1, gelatinous body 1,
(nimble swimmer 1), tentacles
a: Renounce Religion, Fiery Armour, Foxfire Swarm, Rising Flame


You were on level 4 of the Dungeon.
You worshipped Ignis.
Ignis was extremely pleased with you.
You visited 1 branch of the dungeon, and saw 4 of its levels.

You collected 165 gold pieces.

Inventory:

Hand Weapons
 h - a +4 rapier of electrocution (weapon)
 i - a +0 dagger
 j - a +0 rapier
 k - a +1 short sword of draining
 n - a +2 short sword of protection
Missiles
 d - 8 poisoned darts
Magical Staves
 b - a staff of fire
Jewellery
 l - an amulet of magic regeneration (around mantle)
 o - a +6 ring of strength
Wands
 e - a wand of mindburst (19)
Scrolls
 f - a scroll of fog
Potions
 a - a potion of magic
 g - a potion of degeneration {unknown}
 p - a potion of ambrosia {unknown}


   Skills:
 + Level 1.3 Short Blades
 + Level 3.2 Dodging
 + Level 4.6 Stealth
 + Level 2.3 Unarmed Combat
 + Level 3.0 Spellcasting
 * Level 5.5 Conjurations


You had 8 spell levels left.
You knew the following spells:

 Your Spells              Type           Power      Damage    Failure   Level
a - Magic Dart            Conj           100%       1d8       1%          1
b - Searing Ray           Conj           54%        2d6       1%          2

Your spell library contained the following spells:

 Spells                   Type           Power      Damage    Failure   Level
 Dazzling Flash           Conj/Hex       30%        N/A       12%         3
 Fulminant Prism          Conj/Hex       7%         3d7       36%         4
 Iskenderun's Mystic Bla  Conj/Tloc      15%        2d5       36%         4


Dungeon Overview and Level Annotations

Branches:
Dungeon (4/15)
 Temple: D:4-7

Altars:
Ignis


Innate Abilities, Weirdness & Mutations

You cannot wear most types of armour.
You are amphibious.
You can wear up to eight rings at the same time.
Your skin changes colour to match your surroundings (Stealth+).
Your rubbery body absorbs attacks. (AC +1, EV +1)
((You are camouflaged when in or above water. (Stealth+)))
You have tentacles for arms and can constrict up to eight enemies at once.


Message History

The iguana is severely wounded.
The iguana barely misses you.
A ball python comes into view.
You barely miss the iguana.
The ball python hisses angrily.
Your grab misses the iguana. You squeeze the iguana.
The iguana is almost dead.
You hear a shout!
You hear an angry hiss.
The iguana closely misses you. The iguana misses you.
You barely miss the iguana. You grab the iguana.
The iguana is almost dead.
You constrict the iguana. The iguana bites you!
An orc comes into view. It is wielding a +0 long sword.
You hit the iguana.
You kill the iguana!
The hound attacks as you move away! The hound bites you.
You hit the hound. You grab the hound. You squeeze the hound.
The hound is heavily wounded.
You constrict the hound. The hound bites you. x2
You hit the hound.
The hound is heavily wounded.
You constrict the hound. The hound bites you.
* * * LOW HITPOINT WARNING * * *
You puncture the hound!
You kill the hound!
The ball python bites you but does no damage.
The ball python grabs you. The ball python constricts you.
* * * LOW HITPOINT WARNING * * *
The ball python barely misses you. The ball python constricts you.
* * * LOW HITPOINT WARNING * * *
Your Spellcasting skill increases to level 3!
You escape the ball python's grasp.
You feel better. The jelly misses you. The ball python misses you.
The ball python grabs you. The ball python constricts you.
Activating: Foxfire Swarm
Press: ? - help, Dir - look around, f - activate Flames leap up around you!
The jelly hits you.
* * * LOW HITPOINT WARNING * * *
The acid corrodes you!
You are splashed with acid!
You die...

#.......# ..... #.......#
..... #.o.....#
.....########.......#
....................#
...........#.......#
#....vvvv#.......#
#....vvvv#...#+###
#....vv@Jo.### ...#
######...vvvSv## ...#
#......###vvv## ...#
#....<## #...# ...#
#.....# ##### ...#
#.....# ########## ##
...###.....# #........#.#
#<
...........###........#.#
#.
........................#
#.


You could see a jelly (ally target), an orc (ally target) and a ball python
(ally target).

Vanquished Creatures
  A hound (D:4)
  Crazy Yiuf (D:3)
  A jelly (D:3)
  2 iguanas (D:4)
  8 gnolls
  9 adders
  A worm (D:2)
  A dart slug (D:1)
  3 orcs
  6 bats
  10 endoplasms
  A giant cockroach (D:4)
  8 goblins
  12 hobgoblins
  4 jackals (D:1)
  4 kobolds
  5 quokkas
  8 ball pythons
  4 frilled lizards
  3 rats
92 creatures vanquished.

Vanquished Creatures (others)
  A plant (D:1)
1 creature vanquished.

Grand Total: 93 creatures vanquished

Notes
Turn   | Place    | Note
-------+----------+-------------------------------------------
     0 | D:1      | howech the Octopode Conjurer began the quest for the Orb.
     0 | D:1      | Reached XP level 1. HP: 11/11 MP: 3/3
   243 | D:1      | Reached XP level 2. HP: 17/17 MP: 1/5
   871 | D:1      | Reached XP level 3. HP: 15/21 MP: 3/6
  1566 | D:2      | Reached skill level 1 in Unarmed Combat
  1603 | D:2      | Reached XP level 4. HP: 9/27 MP: 1/7
  1774 | D:2      | Learned a level 2 spell: Searing Ray
  3029 | D:3      | Reached XP level 5. HP: 19/31 MP: 3/8
  3304 | D:3      | Found a runed translucent door.
  3305 | D:3      | Noticed Crazy Yiuf
  3439 | D:3      | Reached skill level 5 in Conjurations
  3530 | D:3      | Found a faded altar of an unknown god.
  3626 | D:3      | Prayed at the altar of an unknown god.
  3626 | D:3      | Became a worshipper of Ignis, the Dying Flame
  3837 | D:3      | Reached XP level 6. HP: 36/36 MP: 8/10
  3986 | D:3      | Killed Crazy Yiuf
  3987 | D:3      | Reached skill level 1 in Short Blades
  4455 | D:4      | Splashed by a jelly's acid

Illustrated notes

Levels and vault maps discovered:
D:1:      eino_arrival_druids_welcome, layout_loops_ring
D:2:      layout_basic, chequers_serial_rivers_marsh, skrybe_limestone_x
D:3:      layout_rooms, shapermc_ecumenical_altar_notcrosses,
          uniq_crazy_yiuf_cottage
D:4:      layout_basic

Skill      XL: |  1  2  3  4  5  6 |
---------------+-------------------+-----
Stealth        | 3 4 |  4.6
Unarmed Combat | 1 2 |  2.3
Conjurations   | 5 |  5.5
Short Blades   | 1 |  1.3
Dodging        | 3 |  3.2
Spellcasting   | 3 |  3.0

Action                   |  1- 3 |  4- 6 || total
-------------------------+-------+-------++-------
Melee: Unarmed           |    56 |     3 ||    59
       Tentacles         |    19 |     5 ||    24
       Constrict         |    19 |     9 ||    28
       Short sword       |       |    15 ||    15
       Rapier            |       |    22 ||    22
Throw: Dart              |       |     1 ||     1
 Cast: Magic Dart        |    45 |    63 ||   108
       Searing Ray       |       |     3 ||     3
Invok: Foxfire Swarm     |       |     1 ||     1
       Fiery Armour      |       |     1 ||     1
  Use: Potion            |       |     4 ||     4
       Scroll            |       |     3 ||     3
 Stab: Sleeping          |     5 |    11 ||    16
Armor: Skin              |     6 |     2 ||     8
Dodge: Dodged            |    29 |    28 ||    57
